 Dungeon Crawl Stone Soup version 0.29.1-13-g9f3cf754e1 (webtiles) character file.

Game seed: 13212078101620422471

255 nshep25 the Covered (level 5, -1/47 HPs)
             Began as a Minotaur Fighter on Feb 9, 2023.
             Slain by a gnoll
             ... wielding a +0 spear
             ... led by a gnoll bouda
              (3 damage)
             ... on level 4 of the Dungeon.
             The game lasted 00:03:25 (3113 turns).

nshep25 the Covered (Minotaur Fighter)              Turns: 3113, Time: 00:03:27

Health: -1/47      AC:  9    Str: 23    XL:     5   Next: 91%
Magic:  4/4        EV:  7    Int: 11    God:
Gold:   201        SH:  4    Dex:  9    Spells: 4/4 levels left

rFire   . . .      SeeInvis .   a - +0 war axe
rCold   . . .      Faith    .   c - +0 buckler
rNeg    . . .      Spirit   .   m - +0 chain mail
rPois   .          Reflect  .   (helmet restricted)
rElec   .          Harm     .   (no cloak)
rCorr   .          Rampage  .   (no gloves)
Will    .....                   (no boots)
Stlth   ..........              (no amulet)
HPRegen 0.15/turn               y - +6 ring of intelligence
MPRegen 0.09/turn               (no ring)

@: no status effects
A: horns 2, retaliatory headbutt
a: no special abilities


You were on level 4 of the Dungeon.
You visited 1 branch of the dungeon, and saw 4 of its levels.

You collected 201 gold pieces.

Inventory:

Hand Weapons
 a - a +0 war axe (weapon)
Missiles
 l - a throwing net (quivered)
 q - 6 javelins
 w - 4 boomerangs
Armour
 b - a +0 scale mail
 c - a +0 buckler (worn)
 m - a +0 chain mail (worn)
Jewellery
 y - a +6 ring of intelligence (left hand)
Scrolls
 e - a scroll of noise {unknown}
 f - a scroll of summoning {unknown}
 g - a scroll of acquirement {unknown}
 i - a scroll of enchant armour {unknown}
 k - 3 scrolls of poison {unknown}
 o - a scroll of amnesia {unknown}
 r - 4 scrolls of identify {unknown}
 s - 2 scrolls of butterflies {unknown}
 u - a scroll of fear {unknown}
 x - a scroll of enchant weapon {unknown}
Potions
 d - a potion of might
 h - a potion of heal wounds {unknown}
 j - a potion of attraction {unknown}
 n - a potion of degeneration {unknown}
 p - a potion of haste {unknown}
 t - 2 potions of curing {unknown}
 v - a potion of ambrosia {unknown}


   Skills:
 + Level 4.7 Fighting
 + Level 5.2 Axes
 + Level 5.2 Armour
 + Level 0.4 Dodging
 + Level 0.3 Stealth
 + Level 4.1 Shields


You had 4 spell levels left.
You didn't know any spells.
Your spell library was empty.

Dungeon Overview and Level Annotations

Branches:
Dungeon (4/15)
 Temple: D:4-7

Altars:
Hepliaklqana


Innate Abilities, Weirdness & Mutations

You have a pair of horns on your head.
You reflexively headbutt those who attack you in melee.


Message History

You barely miss the gnoll. You closely miss the gnoll.
The gnoll hits you but does no damage. You block the gnoll's attack.
The gnoll hits you with a +0 club.
* * * LOW HITPOINT WARNING * * *
Unknown command.
You closely miss the gnoll.
The gnoll is almost dead.
You barely miss the gnoll.
The gnoll hits you from afar with a +0 spear.
* * * LOW HITPOINT WARNING * * *
The gnoll closely misses you. The gnoll hits you with a +0 club.
* * * LOW HITPOINT WARNING * * *
You completely miss the gnoll.
The gnoll is almost dead.
You hit the gnoll but do no damage. The gnoll hits you but does no damage.
The gnoll hits you with a +0 club.
* * * LOW HITPOINT WARNING * * *
The gnoll hits you but does no damage. The gnoll barely misses you. x2
The gnoll hits you but does no damage.
You barely miss the gnoll.
You headbutt the gnoll, but do no damage.
The gnoll is almost dead.
You closely miss the gnoll. The gnoll hits you but does no damage.
The gnoll closely misses you. The gnoll hits you but does no damage.
Unknown command.
You hit the gnoll but do no damage. Your headbutt misses the gnoll.
The gnoll is almost dead.
You hit the gnoll.
The gnoll hits you from afar with a +0 spear.
* * * LOW HITPOINT WARNING * * *
The gnoll hits you with a +0 club.
* * * LOW HITPOINT WARNING * * *
The gnoll hits you with a +0 club.
* * * LOW HITPOINT WARNING * * *
You slash the gnoll!
You kill the gnoll!
You hit the gnoll but do no damage.
Your attacks no longer feel as feeble.
The gnoll hits you from afar with a +0 spear.
You die...

# ######.....
#.#...........
.#........... .
............
..####...........
.................
.....g)g.........
......)@.....#
###8###8#....#
#######....#
...........#
#######.#.##
........#.#
#########.# ...#
#.# ####...# #.#
##......#


You could see 2 gnolls.

Vanquished Creatures
  A phantom (D:3)
  A jelly (D:4)
  A gnoll bouda (D:4)
  2 gnolls (D:4)
  4 adders (D:2)
  2 worms (D:2)
  A dart slug (D:3)
  5 ball pythons
  6 bats
  9 endoplasms
  2 giant cockroaches
  7 goblins
  5 hobgoblins
  2 jackals (D:1)
  3 quokkas
  5 frilled lizards
  9 kobolds
  8 rats
73 creatures vanquished.

Notes
Turn   | Place    | Note
-------+----------+-------------------------------------------
     0 | D:1      | nshep25 the Minotaur Fighter began the quest for the Orb.
     0 | D:1      | Reached XP level 1. HP: 19/19 MP: 0/0
    98 | D:1      | Reached XP level 2. HP: 24/27 MP: 1/1
   998 | D:2      | Reached XP level 3. HP: 30/33 MP: 2/2
  1131 | D:2      | Found a faded altar of an unknown god.
  1582 | D:2      | Reached XP level 4. HP: 37/41 MP: 3/3
  2111 | D:3      | Noticed a phantom
  2128 | D:3      | Killed a phantom
  2129 | D:3      | Reached skill level 5 in Armour
  2129 | D:3      | Reached XP level 5. HP: 39/47 MP: 4/4
  2508 | D:3      | Found a hazy altar of Hepliaklqana.
  3106 | D:4      | Reached skill level 5 in Axes
  3112 | D:4      | HP: 2/47 [gnoll/+0 club[a gnoll bouda] (1)]
  3113 | D:4      | Slain by a gnoll

Illustrated notes

Levels and vault maps discovered:
D:1:      ncdulo_smallfort, layout_basic, nicolae_titane
D:2:      layout_loops_ring, nicolae_ecumenical_oubliette
D:3:      minmay_spotlight, layout_loops_corners, mainiacjoe_overflow_paths,
          nrook_uturn
D:4:      layout_basic, serial_corexii_hall, corexii_hall_statues_i,
          chequers_hall_statues_wall_a, corexii_hall_statues_s,
          chequers_hall_statues_corner_a

Skill      XL: |  1  2  3  4  5 |
---------------+----------------+-----
Armour         | 4 5 |  5.2
Fighting       | 4 |  4.7
Axes           | 3 4 5 |  5.2
Shields        | 4 |  4.1
Dodging        | |  0.4
Stealth        | |  0.3

Action                   |  1- 3 |  4- 6 || total
-------------------------+-------+-------++-------
Melee: War axe           |    89 |    76 ||   165
       Headbutt          |    16 |     9 ||    25
Armor: Scale mail        |    27 |       ||    27
       Chain mail        |    31 |    45 ||    76
Dodge: Dodged            |    35 |    36 ||    71
Block: Buckler           |    17 |    18 ||    35
